 Dungeon Crawl Stone Soup version 0.26-a0-639-g72c4674329 (webtiles) character file.

Game seed: 1150467149160108906

8745 hickop the Blocker (level 11, -5/99 HPs)
             Began as a Minotaur Berserker on Sept 19, 2020.
             Was a High Priest of Trog.
             Killed from afar by an electric eel (8 damage)
             ... with a bolt of electricity
             ... on level 2 of the Lair of Beasts.
             The game lasted 00:31:39 (11159 turns).

hickop the Blocker (Minotaur Berserker)            Turns: 11159, Time: 00:31:40

Health: -5/99      AC: 12    Str: 25    XL:     11   Next: 13%
Magic:  10/10      EV:  9    Int:  4    God:    Trog [*****.]
Gold:   648        SH: 13    Dex: 10    Spells: 10/10 levels left

rFire    . . .     SeeInvis .   q - +2 flail (holy)
rCold    . . .     Faith    .   i - +0 kite shield
rNeg     . . .     Spirit   .   m - +0 chain mail
rPois    .         Reflect  .   (helmet restricted)
rElec    .         Harm     .   (no cloak)
rCorr    .         Rampage  .   g - +0 pair of gloves
MR       .....                  (no boots)
Stlth    ..........             (no amulet)
HPRegen  0.26/turn              (no ring)
MPRegen  0.12/turn              (no ring)

@: berserk cooldown, slowed, very slow
A: retaliatory headbutt, horns 2
a: Berserk, Trog's Hand, Brothers in Arms, Renounce Religion


You were on level 2 of the Lair of Beasts.
You worshipped Trog.
Trog was extremely pleased with you.
You visited 2 branches of the dungeon, and saw 10 of its levels.

You collected 648 gold pieces.

Inventory:

Hand Weapons
 a - a +0 hand axe
 d - a +1 spear of flaming
 q - a +2 flail of holy wrath (weapon)
 x - a +3 dagger of protection
 A - a cursed +0 flail
Missiles
 e - 23 boomerangs
 y - a boomerang of dispersal (quivered)
 G - a throwing net
Armour
 g - a +0 pair of gloves (worn)
 i - a +0 kite shield (worn)
 m - a +0 chain mail (worn)
 J - a scarf of resistance
Jewellery
 b - an uncursed ring of flight {unknown}
 h - a cursed ring of teleportation {unknown}
 s - a cursed ring of teleportation {unknown}
 w - an uncursed amulet of magic regeneration {unknown}
 L - an uncursed amulet of guardian spirit {unknown}
Wands
 I - a wand of paralysis (6)
Scrolls
 k - 5 scrolls of magic mapping
 l - 2 scrolls of fear {unknown}
 n - 3 scrolls of remove curse
 o - 3 scrolls of blinking
 p - 4 scrolls of noise
 r - 4 scrolls of enchant weapon
 v - 2 scrolls of teleportation {unknown}
 B - a scroll of brand weapon {unknown}
 D - a scroll of random uselessness {unknown}
 E - a scroll of fog {unknown}
 N - a scroll of enchant armour
 P - a scroll of holy word {unknown}
Potions
 c - 6 potions of cancellation
 f - 2 potions of ambrosia
 j - 2 potions of lignification
 t - 3 potions of haste
 u - 4 potions of heal wounds {unknown}
 z - a potion of flight {unknown}
 C - 2 potions of curing {unknown}
 F - a potion of might {unknown}
 H - a potion of mutation {unknown}
 K - a potion of stabbing {unknown}
 M - a potion of magic {unknown}
 O - a potion of degeneration {unknown}


   Skills:
 + Level 10.0 Fighting
 - Level 5.6(7.7) Axes
 + Level 8.2(9.0) Maces & Flails
 + Level 9.7 Armour
 - Level 2.9 Dodging
 * Level 12.4 Shields


You had 10 spell levels left.
You didn't know any spells.
Your spell library was empty.

Dungeon Overview and Level Annotations

Branches:
Dungeon (8/15)             Temple (0/1) D:4            Lair (2/6) D:8
  Swamp: Lair:2-4    Shoals: Lair:2-4     Snake: Lair:2-4    Spider: Lair:2-4

Altars:
Ashenzari
Cheibriados
Gozag
Hepliaklqana
Kikubaaqudgha
Okawaru
Vehumet
Xom
Yredelemnul
Zin
The Shining One

Shops:
D:2 *

Annotations:
D:7 3 runed translucent doors, PrinceRibbit's ghost, novice HOAK; SatoMori's ghost, novice GnFi


Innate Abilities, Weirdness & Mutations

You reflexively headbutt those who attack you in melee.
You have a pair of horns on your head.


Message History

* * * LOW HITPOINT WARNING * * *
You hear an angry hiss.
You feel a strong urge to attack something.
A water moccasin comes into view.
The water moccasin hisses angrily.
The electric eel shoots out a bolt of lightning at you!
The bolt of electricity hits you!
* * * LOW HITPOINT WARNING * * *
The bolt of electricity hits you.
* * * LOW HITPOINT WARNING * * *
You feel your anger nearly subside.
You are no longer berserk.
You are exhausted.
You feel yourself slow down. You block the water moccasin's attack.
A water moccasin is nearby!
Press: ? - help, Dir - move target cursor
As you read the scroll of blinking, it crumbles to dust.
The electric eel shoots out a bolt of lightning at you!
The bolt of electricity hits you!
You die...

.# ### ##
##.#.######.##..###.#.##
.........................
.........................
.........................
......................[....
...........................
..............S.@..........
....P♣P...†.§..............
≈♣≈P♣♣♣≈..####...###P##P.##
♣♣♣≈≈≈≈♣♣....≈#### ##
≈P≈≈≈≈P≈≈≈..≈≈###
............≈S≈≈#
≈≈≈≈≈≈≈≈≈;.≈≈≈≈≈#≈
≈≈≈≈≈≈P≈≈≈.≈P≈≈≈≈≈
♣≈♣P≈P≈≈≈≈.≈≈≈≈P≈♣#


You could see a water moccasin and an electric eel.

Vanquished Creatures
  A hydra (D:8)
  2 black mambas (Lair:2)
  A cane toad (Lair:1)
  A hippogriff (D:7)
  12 yaks
  A basilisk (Lair:1)
  4 chaos spawn (D:8)
  An orc warrior (D:6)
  5 porcupines
  3 sky beasts
  3 phantoms
  3 black bears (D:8)
  2 ogres
  6 centaurs
  3 crocodiles
  A big kobold (D:7)
  3 bullfrogs
  A gnoll sergeant (D:7)
  A water moccasin skeleton (D:7)
  A scorpion (D:8)
  6 killer bees (D:7)
  An electric eel (Lair:2)
  3 howler monkeys
  2 bullfrog zombies
  4 hounds
  2 jellies
  3 orc priests
  3 centaur skeletons
  A centaur zombie (D:6)
  2 bullfrog skeletons
  Jessica (D:3)
  4 iguanas
  8 orc wizards
  4 worker ants
  2 hound skeletons (D:4)
  A howler monkey zombie (D:6)
  5 gnolls (D:7)
  15 adders
  2 shadow imps
  6 white imps
  3 ufetubi
  2 oozes
  2 adder skeletons
  2 worms
  3 dart slugs
  5 leopard geckos
  46 orcs
  A ball python (D:1)
  6 giant cockroaches
  8 goblins
  6 hobgoblins
  6 jackals
  9 kobolds
  5 quokkas
  4 bats
  8 frilled lizards
  A jackal zombie (D:7)
  A quokka skeleton (D:5)
  10 rats
258 creatures vanquished.

Vanquished Creatures (others)
  14 fungi
  30 plants
  6 withered plants (D:7)
50 creatures vanquished.

Grand Total: 308 creatures vanquished

Notes
Turn   | Place    | Note
-------+----------+-------------------------------------------
     0 | D:1      | hickop the Minotaur Berserker began the quest for the Orb.
     0 | D:1      | Reached XP level 1. HP: 19/19 MP: 0/0
    93 | D:1      | Reached XP level 2. HP: 19/27 MP: 1/1
   844 | D:2      | Reached ** piety under Trog
   844 | D:2      | Reached XP level 3. HP: 21/33 MP: 2/2
  1108 | D:2      | Found an opulent altar of Gozag.
  1334 | D:2      | Reached skill level 1 in Shields
  1334 | D:2      | Reached XP level 4. HP: 40/40 MP: 3/3
  1351 | D:2      | Noticed a centaur
  1365 | D:2      | Killed a centaur
  1365 | D:2      | Reached skill level 2 in Shields
  1365 | D:2      | Reached XP level 5. HP: 31/47 MP: 4/4
  1580 | D:2      | Found Gozag's Platinum Reserve.
  1602 | D:2      | Reached skill level 3 in Shields
  2094 | D:3      | Reached skill level 5 in Axes
  2094 | D:3      | Reached XP level 6. HP: 53/55 MP: 5/5
  2106 | D:3      | Reached skill level 5 in Fighting
  2341 | D:3      | Reached skill level 4 in Shields
  2603 | D:3      | Noticed Jessica
  2607 | D:3      | Killed Jessica
  2674 | D:3      | Reached *** piety under Trog
  2998 | D:4      | Found a staircase to the Ecumenical Temple.
  3284 | D:4      | Reached XP level 7. HP: 56/61 MP: 6/6
  3485 | D:4      | Reached skill level 5 in Shields
  3952 | D:4      | Reached **** piety under Trog
  4031 | D:5      | Entered Level 5 of the Dungeon
  4077 | D:5      | Reached skill level 5 in Armour
  4082 | D:5      | Reached skill level 1 in Maces & Flails
  4147 | D:5      | Reached skill level 6 in Shields
  4401 | D:5      | Reached XP level 8. HP: 70/70 MP: 7/7
  4824 | D:5      | Reached skill level 7 in Shields
  5345 | D:6      | Found a glowing silver altar of Zin.
  5347 | D:6      | Found a radiant altar of Vehumet.
  5349 | D:6      | Found an iron altar of Okawaru.
  5354 | D:6      | Found a shattered altar of Ashenzari.
  5355 | D:6      | Found a basalt altar of Yredelemnul.
  5356 | D:6      | Found an ancient bone altar of Kikubaaqudgha.
  5356 | D:6      | Found a glowing golden altar of the Shining One.
  5357 | D:6      | Found a hazy altar of Hepliaklqana.
  5514 | D:6      | Reached skill level 8 in Shields
  5878 | D:6      | Reached ***** piety under Trog
  5898 | D:6      | Reached XP level 9. HP: 77/79 MP: 8/8
  6798 | D:7      | Reached skill level 9 in Shields
  6943 | D:7      | Found a runed translucent gate.
  6943 | D:7      | Found a runed translucent gate.
  6944 | D:7      | Found a runed translucent gate.
  6945 | D:7      | Noticed SatoMori's ghost (novice GnFi)
  6945 | D:7      | Noticed PrinceRibbit's ghost (novice HOAK)
  7079 | D:7      | Reached skill level 5 in Maces & Flails
  7880 | D:7      | Reached skill level 10 in Shields
  8136 | D:8      | Found a staircase to the Lair.
  8168 | D:7      | Reached XP level 10. HP: 51/90 MP: 9/9
  8481 | D:8      | Found a snail-covered altar of Cheibriados.
  8608 | D:8      | Found a shimmering altar of Xom.
  8609 | D:8      | Found the +7 mace of Variability {chain chaos}
  8729 | D:8      | Reached skill level 11 in Shields
  8907 | Lair:1   | Entered Level 1 of the Lair of Beasts
  9051 | Lair:1   | Noticed a cane toad
  9062 | Lair:1   | Killed a cane toad
  9657 | Lair:1   | Noticed a four-headed hydra
  9699 | D:8      | Killed a four-headed hydra
 10205 | Lair:1   | Reached skill level 12 in Shields
 10786 | Lair:1   | Reached XP level 11. HP: 78/99 MP: 10/10
 10821 | Lair:2   | Reached skill level 10 in Fighting
 11155 | Lair:2   | HP: 3/148 [electric eel/bolt of electricity (5)]
 11159 | Lair:2   | Killed from afar by an electric eel

Illustrated notes

Levels and vault maps discovered:
D:1:      minmay_arrival_nine_rooms, layout_rooms, dk_noncrumbling_2,
          serial_bayou_ford_a, minmay_misc_feat_rugged
D:2:      layout_basic, minmay_tree_intersection, nrook_mini_vaults,
          nicolae_gozag_zags_fifth_avenue
D:3:      layout_loops_ring, kennysheep_jessica_study
D:4:      layout_gridville, minmay_temple_entry_statues_fountains
D:5:      layout_rooms
D:6:      kennysheep_spiral_hall, layout_basic, grunt_temple_overflow_open,
          sigmund_army
D:7:      layout_loops_corners, gammafunk_ghost_cemetery, nrook_uturn,
          minivault_5, minmay_fractal_squares_5
D:8:      layout_rooms, overflow_temple_1_default, due_lair_maze_entry_diamond,
          minmay_guarded_unrand_variability
Lair:1:   layout_long_grid, grunt_megastairs_1, serial_bayou_shore_b,
          lemuel_fruit_tree, infiniplex_staircase_pool_2
Lair:2:   layout_big_grid, dummy_snake_entry, gauntlet_entry_generic,
          fungi_pond_lemuel, nicolae_quartered_pool_super, serial_bayou_lagoon_b

Skill      XL: |  1  2  3  4  5  6  7  8  9 10 11 |
---------------+----------------------------------+-----
Fighting       | 4 5 6 7 8 9 10 | 10.0
Axes           | 4 5 |  5.6
Armour         | 3 4 5 6 8 9 |  9.7
Shields        | 1 2 3 4 6 8 10 12 | 12.4
Maces & Flails | 2 4 6 7 8 |  8.2
Dodging        | |  2.9

Action                   |  1- 3 |  4- 6 |  7- 9 | 10-12 || total
-------------------------+-------+-------+-------+-------++-------
Melee: Hand axe          |    73 |   203 |    41 |       ||   317
       Headbutt          |    13 |    41 |    69 |    50 ||   173
       Flail             |       |       |   353 |   184 ||   537
Invok: Berserk           |       |     1 |     4 |     3 ||     8
       Trog's Hand       |       |     1 |     1 |     2 ||     4
  Use: Scroll            |     1 |     2 |     6 |     3 ||    12
 Stab: Invisible         |       |       |       |     1 ||     1
       Distracted        |       |       |       |     1 ||     1
Armor: Animal skin       |     7 |       |       |       ||     7
       Ring mail         |    14 |    22 |       |       ||    36
       Chain mail        |       |    35 |   176 |    57 ||   268
Dodge: Dodged            |    31 |    64 |   135 |    52 ||   282
Block: Kite shield       |    11 |    86 |   282 |   108 ||   487

Table legend: (Time is in decaauts)
 A = Elapsed time spent in this place.
 B = Non-inter-level travel time spent in this place.
 C = Inter-level travel time spent in this place.
 D = Time resting spent in this place.
 E = Time spent auto-exploring this place.
 F = Levels seen in this place.
 G = Mean time per level.
                   A        B        C        D        E       F      G
               +--------+--------+--------+--------+--------+-----+--------+
         Total |  11366 |  10998 |    368 |   1131 |   7465 |  10 | 1136.6 |
       Dungeon |   9347 |   9004 |    343 |    948 |   6122 |   8 | 1168.4 |
          Lair |   2019 |   1994 |     25 |    183 |   1342 |   2 | 1009.5 |
               +--------+--------+--------+--------+--------+-----+--------+

Top non-repeatable levels by time:
     D:7: 1963 daAuts
  Lair:1: 1631 daAuts
     D:4: 1538 daAuts
     D:6: 1141 daAuts
     D:2: 1078 daAuts
     D:3: 990 daAuts
     D:8: 940 daAuts
     D:5: 919 daAuts
     D:1: 775 daAuts
  Lair:2: 387 daAuts
